 Dungeon Crawl Stone Soup version 0.22.1-2-g9c5b331 (webtiles) character file.

28 voilodion the Skirmisher (level 2, -11/24 HPs)
             Began as a Demonspawn Chaos Knight on Dec 2, 2018.
             Mangled by a fire vortex (23 damage)
             ... summoned by the capriciousness of Xom
             ... on level 1 of the Dungeon.
             The game lasted 00:02:34 (298 turns).

voilodion the Skirmisher (Demonspawn Chaos Knight)   Turns: 298, Time: 00:02:35

Health: -11/24     AC:  5    Str: 12    XL:     2   Next: 96%
Magic:  2/2        EV: 11    Int: 13    God:    Xom [..*...]
Gold:   0          SH:  0    Dex: 12    Spells: 1/1 levels left

rFire    . . .     SeeInvis .   a - +0 short sword (chaos)
rCold    . . .     Gourm    .   (no shield)
rNeg     . . .     Faith    .   b - +2 leather armour
rPois    .         Spirit   .   (no helmet)
rElec    .         Reflect  .   (no cloak)
rCorr    .         Harm     .   (no gloves)
MR       .....                  (no boots)
Stlth    +.........             (no amulet)
HPRegen  0.08/turn              (no ring)
MPRegen  0.08/turn              (no ring)

@: no status effects
A: powered by pain 1
a: Renounce Religion


You were on level 1 of the Dungeon.
You worshipped Xom.
You were a toy of Xom.
You were not hungry.

You visited 1 branch of the dungeon, and saw 1 of its levels.

Inventory:

Hand Weapons
 a - a +0 short sword of chaos (weapon)
 e - a +0 dagger
 i - a +0 club
 j - a +0 short sword
 k - a +0 club
 l - a +4 dagger
 n - a +0 short sword
Missiles
 g - 8 needles of frenzy
Armour
 b - a +2 leather armour (worn)
 m - a +0 chain mail
Scrolls
 d - 2 scrolls of amnesia {unknown}
 f - a scroll of fog {unknown}
 h - a scroll of remove curse {unknown}
Comestibles
 c - 2 rations


   Skills:
 + Level 3.6 Fighting
 + Level 3.1 Short Blades
 + Level 2.0 Armour
 + Level 1.0 Dodging


You had one spell level left.
You didn't know any spells.
Your spell library was empty.

Dungeon Overview and Level Annotations

Branches:
Dungeon (1/15)

Altars:


Innate Abilities, Weirdness & Mutations

You sometimes gain a little power by taking damage.


Message History

You kill the frilled lizard!
You see here a frilled lizard corpse.
You don't know any spells.
You see here a chain mail.
m - a chain mail You swap places.
You see here a frilled lizard corpse.
Found 8 gold pieces.
c - 2 rations (gained 1)
There are no items here.
Xom notices you.
Fire whirls out from your feet! 2 fire vortices come into view.
Things that are here:
a short sword; a kobold corpse
n - a short sword The fire vortex hits you.
The fire vortex burns you!
Ouch! That really hurt!
You die...
Xom roars with laughter!

#.# ##.......# #....#
##.##.##.#....############...#
................Z............#
.#.##.#.#.#.#.############...#
##.###.#.#.#..########## #...#
...##.#.#.#.#.#......... #...#
...###.#<#.#.(.v.......$ #...#
....÷.#.#.#.#(.......... #####
.....#.#.#.#.)..@.......
......#.#.#.#..†Z.......
.....#.#.#.#..†.........
........................
..................######
..................#
##................#
...............###
........#.........


You could see a fire vortex and a friendly frilled lizard zombie.

Vanquished Creatures
  An ooze (D:1)
  A dart slug (D:1)
  A leopard gecko (D:1)
  4 goblins (D:1)
  A hobgoblin (D:1)
  2 jackals (D:1)
  3 bats (D:1)
  5 frilled lizards (D:1)
  A rat (D:1)
19 creatures vanquished.

Vanquished Creatures (collateral kills)
  A kobold (D:1)
1 creature vanquished.

Grand Total: 20 creatures vanquished

Notes
Turn   | Place    | Note
-------+----------+-------------------------------------------
     0 | D:1      | voilodion the Demonspawn Chaos Knight began the quest for
                  | the Orb.
     0 | D:1      | Reached XP level 1. HP: 18/18 MP: 1/1
    65 | D:1      | Gained mutation: You sometimes gain a little power by
                  | taking damage. [demonic ancestry]
    65 | D:1      | Reached XP level 2. HP: 21/24 MP: 2/2
   141 | D:1      | Reached skill level 1 in Dodging
   189 | D:1      | XOM: smoke on damage
   270 | D:1      | XOM: divination: detect items
   296 | D:1      | XOM: mild Fire miscast
   298 | D:1      | Mangled by a fire vortex

Skill      XL: |  1  2 |
---------------+-------+-----
Dodging        | 1 |  1.0
Armour         | 2 |  2.0
Short Blades   | 3 |  3.1
Fighting       | |  3.6

Action                   || total
-------------------------++-------
Melee: Short sword       ||    61
 Stab: Paralysed         ||     2
Armor: Leather armour    ||    21
Dodge: Dodged            ||    42
